 Dungeon Crawl Stone Soup version 0.28.0-45-g0d030f2227 (webtiles) character file.

Game seed: 1530035940688207474

418 Peloso the Covered (level 6, -1/53 HPs)
             Began as a Minotaur Fighter on Apr 4, 2022.
             Succumbed to a scorpion's poison
             ... on level 5 of the Dungeon.
             The game lasted 00:07:40 (5052 turns).

Peloso the Covered (Minotaur Fighter)               Turns: 5052, Time: 00:07:40

Health: -1/53      AC: 12    Str: 21    XL:     6   Next: 61%
Magic:  5/5        EV:  6    Int:  5    God:
Gold:   204        SH:  5    Dex: 11    Spells: 5/5 levels left

rFire   . . .      SeeInvis .   a - +0 long sword
rCold   . . .      Faith    .   c - +0 buckler
rNeg    . . .      Spirit   .   h - +0 plate armour
rPois   .          Reflect  .   (helmet restricted)
rElec   .          Harm     .   (no cloak)
rCorr   .          Rampage  .   (no gloves)
Will    +....                   (no boots)
Stlth   ..........              (no amulet)
HPRegen 0.17/turn               q - ring of willpower
MPRegen 0.09/turn               (no ring)

@: lethally poisoned (-1 -> -13)
A: horns 2, retaliatory headbutt
a: no special abilities


You were on level 5 of the Dungeon.
You visited 1 branch of the dungeon, and saw 5 of its levels.

You collected 204 gold pieces.

Inventory:

Hand Weapons
 a - a +0 long sword (weapon)
Missiles
 u - 2 throwing nets (quivered)
Armour
 b - a +0 scale mail
 c - a +0 buckler (worn)
 h - a +0 plate armour (worn)
Jewellery
 q - a ring of willpower (left hand)
Scrolls
 g - 3 scrolls of teleportation {unknown}
 j - 2 scrolls of acquirement
 k - a scroll of brand weapon {unknown}
 l - 2 scrolls of vulnerability {unknown}
 p - a scroll of fear {unknown}
 r - a scroll of noise {unknown}
 s - a scroll of summoning {unknown}
Potions
 d - 2 potions of might
 e - a potion of ambrosia {unknown}
 i - a potion of mutation
 m - a potion of flight
 n - a potion of magic {unknown}
 o - a potion of curing {unknown}
 t - a potion of resistance {unknown}


   Skills:
 + Level 4.7 Fighting
 + Level 5.7 Long Blades
 + Level 6.1 Armour
 + Level 4.5 Shields


You had 5 spell levels left.
You didn't know any spells.
Your spell library contained the following spells:

 Spells                   Type           Power      Damage    Failure   Level
 Beastly Appendage        Tmut           0%         N/A       100%        1
 Ensorcelled Hibernation  Hex/Ice        0%         N/A       100%        2
 Wereblood                Tmut           0%         N/A       100%        2
 Ignite Poison            Fire/Tmut/Pois 0%         N/A       100%        3
 Mephitic Cloud           Conj/Pois/Air  0%         N/A       100%        3
 Spider Form              Tmut/Pois      0%         N/A       100%        3
 Anguish                  Hex/Necr       0%         N/A       100%        4
 Freezing Cloud           Conj/Ice/Air   0%         6-21      100%        5


Dungeon Overview and Level Annotations

Branches:
Dungeon (5/15)
 Temple: D:4-7

Altars:
Fedhas


Innate Abilities, Weirdness & Mutations

You have a pair of horns on your head.
You reflexively headbutt those who attack you in melee.


Message History

You feel very sick. You block the scorpion's attack.
Unknown command.
You hit the scorpion.
You headbutt the scorpion, but do no damage.
The scorpion is almost dead.
You feel very sick. The scorpion stings you!
* * * LOW HITPOINT WARNING * * *
Unknown command.
You hit the scorpion.
The scorpion is almost dead.
You feel very sick. The scorpion stings you.
* * * LOW HITPOINT WARNING * * *
The scorpion barely misses you.
Unknown command.
Okay, then.
Okay, then.
You feel sick.
* * * LOW HITPOINT WARNING * * *
You feel sick.
You feel sick.
You feel sick.
You feel sick.
You feel sick.
You feel sick.
You are no longer poisoned.
The scorpion stings you but does no damage.
You block the scorpion's attack. You block the scorpion's attack.
The scorpion barely misses you.
Things that are here:
a +0 club; a gnoll corpse You block the scorpion's attack.
The scorpion stings you.
* * * LOW HITPOINT WARNING * * *
You are lethally poisoned!
The scorpion poisons you!
You die...

###########
#...<......
#..........
####)...######
#...)#### #######
#.##.#
#.....########.##.#
#.........@.s.....#
#..............####
#.###.##########
#.....################
###g####.....g.gg....#
..
#.......##########>#
## #g####..# #.# #
####.# #..# #g# .#
#...g####..#
#######.##.##


You could see a scorpion.

Vanquished Creatures
  A gnoll sergeant (D:4)
  A hound (D:4)
  2 orc priests
  A bullfrog skeleton (D:4)
  An iguana (D:5)
  3 hound skeletons
  4 adders
  4 gnolls
  2 adder skeletons (D:4)
  3 worms
  2 dart slugs (D:2)
  11 orcs
  6 ball pythons
  6 bats
  6 endoplasms
  4 giant cockroaches
  5 hobgoblins
  2 quokkas
  5 frilled lizards
  9 goblins
  4 kobolds
  A rat (D:2)
  A spectral goblin (D:1)
84 creatures vanquished.

Notes
Turn   | Place    | Note
-------+----------+-------------------------------------------
     0 | D:1      | Peloso the Minotaur Fighter began the quest for the Orb.
     0 | D:1      | Reached XP level 1. HP: 19/19 MP: 0/0
   289 | D:1      | Reached XP level 2. HP: 18/27 MP: 1/1
   439 | D:1      | You fall into a shaft and drop 1 floor!
   462 | D:2      | Reached skill level 4 in Armour
   678 | D:2      | Reached XP level 3. HP: 33/33 MP: 2/2
  1690 | D:1      | Found a faded altar of an unknown god.
  2376 | D:3      | Reached XP level 4. HP: 40/40 MP: 3/3
  2813 | D:3      | Identified a scroll of acquirement
  3175 | D:4      | Reached skill level 5 in Armour
  3175 | D:4      | Reached XP level 5. HP: 22/46 MP: 4/4
  3530 | D:4      | Found a blossoming altar of Fedhas.
  3667 | D:4      | Reached skill level 5 in Long Blades
  4152 | D:5      | Entered Level 5 of the Dungeon
  4374 | D:5      | Reached XP level 6. HP: 52/53 MP: 5/5
  4948 | D:5      | Reached skill level 6 in Armour
  5030 | D:5      | HP: 2/53 [poisoned by a scorpion]
  5051 | D:5      | HP: 2/53 [scorpion (3)]
  5052 | D:5      | Succumbed to a scorpion's poison

Illustrated notes

Levels and vault maps discovered:
D:1:      scummos_arrival_simple_crosswalls, layout_basic,
          dreamdust_ecumenical_altar_drowned_temple, grunt_decor_fettered
D:2:      layout_basic, serial_aquarium, aquarium_bridge_long_separate
          [aquarium_subvault_window, aquarium_subvault_bridge,
          aquarium_subvault_wall, aquarium_subvault_wall,
          aquarium_subvault_bridge, aquarium_subvault_wall],
          aquarium_bridge_square [aquarium_subvault_wall,
          aquarium_subvault_bridge, aquarium_subvault_window,
          aquarium_subvault_bridge], aquarium_window_corner, aquarium_window_1,
          aquarium_view_2d, aquarium_pool_corner, minmay_fractal_squares_5
D:3:      layout_loops_ring
D:4:      layout_basic, lemuel_doored_altar, lemuel_another_geyser
D:5:      layout_loops_ring, serial_rivers, chequers_serial_rivers_room_a,
          chequers_serial_rivers_small_3, chequers_serial_rivers_room_b,
          chequers_serial_rivers_marsh

Skill      XL: |  1  2  3  4  5  6 |
---------------+-------------------+-----
Fighting       | 4 |  4.7
Armour         | 4 5 6 |  6.1
Shields        | 4 |  4.5
Long Blades    | 3 4 5 |  5.7

Action                   |  1- 3 |  4- 6 || total
-------------------------+-------+-------++-------
Melee: Long sword        |    90 |   139 ||   229
       Headbutt          |    16 |    25 ||    41
  Use: Scroll            |       |     3 ||     3
       Potion            |       |     2 ||     2
Armor: Scale mail        |    18 |       ||    18
       Plate armour      |    20 |    80 ||   100
Dodge: Dodged            |    31 |    38 ||    69
Block: Buckler           |    27 |    31 ||    58
